 Dungeon Crawl Stone Soup version 0.28.0-45-g0d030f2227 (webtiles) character file.

Game seed: 10606762209021151459

115292 Peloso the Warrior (level 16, -6/154 (155) HPs)
             Began as a Minotaur Fighter on Apr 4, 2022.
             Was the Champion of Okawaru.
             Mangled by a naga
             ... wielding a +0 trident
              (7 damage)
             ... on level 1 of the Snake Pit.
             The game lasted 01:12:45 (39178 turns).

Peloso the Warrior (Minotaur Fighter)              Turns: 39178, Time: 01:12:45

HP:   -6/154 (155)  AC: 32    Str: 28    XL:     16   Next: 18%
MP:   16/16         EV:  5    Int:  5    God:    Okawaru [******]
Gold: 1505          SH: 18    Dex: 14    Spells: 15/15 levels left

rFire   + . .      SeeInvis .   a - +9 sword of Zonguldrok {reap}
rCold   . . .      Faith    .   d - +2 tower shield {AC+3}
rNeg    . . .      Spirit   .   M - +1 plate armour {rF+}
rPois   +          Reflect  .   W - +0 hat "Nyav" {Rampage rPois}
rElec   .          Harm     .   C - +0 cloak
rCorr   +          Rampage  +   v - +2 pair of gloves {Str+3}
Will    +....                   o - +0 pair of boots
Stlth   ..........              (no amulet)
HPRegen 0.35/turn               y - +4 ring of protection
MPRegen 0.15/turn               P - ring of resist corrosion

@: lethally poisoned (-6 -> -11), slowed, constricted, lightly drained, very
slow
A: horns 2, retaliatory headbutt
a: Renounce Religion, Heroism, Finesse, Duel


You were on level 1 of the Snake Pit.
You worshipped Okawaru.
Okawaru was exalted by your worship.
You visited 6 branches of the dungeon, and saw 26 of its levels.
You also visited: Bailey and Volcano.

You collected 2865 gold pieces.
You spent 1360 gold pieces at shops.

Inventory:

Hand Weapons
 a - the +9 sword of Zonguldrok (weapon) {reap}
   (You found it on level 12 of the Dungeon)

   Any living foe damaged by it may be reanimated upon death as a zombie
   friendly to the wielder, with an increasing chance as more damage is dealt.
 b - the +8 falchion of the Lame Duck {vorpal, rF- Dex+4 SInv}
   (You bought it in a shop on level 1 of the Orcish Mines)

   It inflicts extra damage upon your enemies.
   Dex:       It affects your dexterity (+4).
   rF:        It makes you vulnerable to fire.
   SInv:      It lets you see invisible.
 c - a +0 scimitar of flaming
Missiles
 L - a throwing net (quivered)
Armour
 d - a +2 tower shield of protection (worn)
 o - a +0 pair of boots (worn)
 v - a +2 pair of gloves of strength (worn)
 C - a +0 cloak (worn)
 M - a +1 plate armour of fire resistance (worn)
 Q - a +2 chain mail of willpower
 T - a +1 chain mail of cold resistance
 W - the +0 hat "Nyav" (worn) {Rampage rPois}
   (Okawaru gifted it to you on level 12 of the Dungeon)

   rPois:     It protects you from poison.
   Rampage:   It bestows one free step when moving towards enemies.
Jewellery
 i - an amulet of guardian spirit
 y - a +4 ring of protection (left hand)
 E - a ring of positive energy
 I - a +4 ring of protection
 N - an amulet of regeneration
 O - the ring "Cyegyopp" {Ice Int+5}
   (You took it off a gnoll shaman in a bailey)

   [ring of ice]

   It enhances your ice magic.
   Int:       It affects your intelligence (+5).
   rF:        It makes you vulnerable to fire.
   rC:        It protects you from cold.
 P - a ring of resist corrosion (right hand)
 R - a +6 ring of strength
 U - a ring of positive energy
Wands
 f - a wand of acid (4)
 g - a wand of polymorph (6)
 k - a wand of digging (5)
 p - a wand of flame (81)
 X - a wand of paralysis (1)
Scrolls
 h - a scroll of enchant weapon
 l - 6 scrolls of teleportation
 m - 7 scrolls of noise
 n - 8 scrolls of immolation
 q - 3 scrolls of silence
 r - a scroll of fear
 u - 6 scrolls of blinking
 A - 4 scrolls of identify
 H - 5 scrolls of magic mapping
 J - 4 scrolls of amnesia {unknown}
 Y - a scroll of enchant armour
Potions
 e - a potion of flight
 j - 5 potions of haste
 s - a potion of brilliance
 t - a potion of magic
 w - 3 potions of berserk rage
 x - 6 potions of curing
 z - a potion of resistance
 B - a potion of heal wounds
 F - a potion of experience {unknown}
 G - 8 potions of might
 K - 2 potions of invisibility
 S - a potion of cancellation {unknown}
 V - a potion of mutation
Miscellaneous
 D - a phantom mirror


   Skills:
 + Level 17.2 Fighting
 + Level 16.2 Long Blades
 + Level 2.0(10.8) Polearms
 + Level 16.2(16.3) Staves
 + Level 16.7 Armour
 + Level 6.5 Dodging
 + Level 3.6 Stealth
 + Level 10.1 Shields
 + Level 1.4 Invocations
 + Level 1.3 Evocations


You had 15 spell levels left.
You didn't know any spells.
Your spell library contained the following spells:

 Spells                   Type           Power      Damage    Failure   Level
 Apportation              Tloc           0%         N/A       100%        1
 Foxfire                  Conj/Fire      0%         2x1d4     100%        1
 Freeze                   Ice            0%         1d3       100%        1
 Ensorcelled Hibernation  Hex/Ice        0%         N/A       100%        2
 Passwall                 Tmut/Erth      0%         N/A       100%        2
 Scorch                   Fire           0%         2d5       100%        2
 Static Discharge         Conj/Air       0%         N/A       100%        2
 Sublimation of Blood     Necr           0%         N/A       100%        2
 Wereblood                Tmut           0%         N/A       100%        2
 Conjure Flame            Conj/Fire      0%         6-21      100%        3
 Dazzling Flash           Conj/Hex       0%         N/A       100%        3
 Gell's Gravitas          Tloc           0%         N/A       100%        3
 Inner Flame              Hex/Fire       0%         N/A       100%        3
 Lesser Beckoning         Tloc           0%         N/A       100%        3
 Portal Projectile        Hex/Tloc       0%         N/A       100%        3
 Swiftness                Air            0%         N/A       100%        3
 Teleport Other           Tloc           0%         N/A       100%        3
 Cause Fear               Hex            0%         N/A       100%        4
 Flame Wave               Conj/Fire      0%         2d4       100%        4
 Fulminant Prism          Conj/Hex       0%         3d6       100%        4
 Ice Form                 Ice/Tmut       0%         N/A       100%        4
 Iskenderun's Mystic Bla  Conj/Tloc      0%         2d3       100%        4
 Leda's Liquefaction      Hex/Erth       0%         N/A       100%        4
 Passage of Golubria      Tloc           0%         N/A       100%        4
 Petrify                  Tmut/Erth      0%         N/A       100%        4
 Agony                    Necr           0%         N/A       100%        5
 Alistair's Intoxication  Tmut/Pois      0%         N/A       100%        5
 Blade Hands              Tmut           0%         N/A       100%        5
 Excruciating Wounds      Necr           0%         N/A       100%        5
 Fireball                 Conj/Fire      0%         3d3       100%        5
 Irradiate                Conj/Tmut      0%         3d13      100%        5
 Iskenderun's Battlesphe  Conj           0%         2d6       100%        5
 Lee's Rapid Deconstruct  Erth           0%         3d5*      100%        5
 Silence                  Hex/Air        0%         N/A       100%        5
 Yara's Violent Unravell  Hex/Tmut       0%         3d3       100%        5
 Conjure Ball Lightning   Conj/Air       0%         3x3d6     100%        6
 Starburst                Conj/Fire      0%         6d3       100%        6
 Statue Form              Tmut/Erth      0%         N/A       100%        6
 Orb of Destruction       Conj           0%         9d5       100%        7
 Discord                  Hex            0%         N/A       100%        8
 Polar Vortex             Ice            0%         N/A       100%        9
 Tukima's Dance           Hex            Unusable   N/A       N/A         3
 Summon Cactus Giant      Summ           Unusable   N/A       N/A         6
 Summon Hydra             Summ           Unusable   N/A       N/A         7

Dungeon Overview and Level Annotations

Branches:
Dungeon (15/15)            Temple (1/1) D:6            Lair (6/6) D:10
 Shoals (0/4) Lair:4        Snake (1/4) Lair:3        Slime (0/5) Lair:5
    Orc (2/2) D:12            Elf (1/3) Orc:2        Vaults (0/5) D:14
 Depths (0/4) D:15         Bailey (visited)         Volcano (visited)

Altars:
Ashenzari
Cheibriados
Dithmenos
Elyvilon
Fedhas
Gozag
Hepliaklqana
Kikubaaqudgha
Makhleb
Nemelex Xobeh
Okawaru
Qazlal
Ru
Sif Muna
Trog
Uskayaw
Vehumet
Wu Jian
Xom
Yredelemnul
Zin
The Shining One
Beogh
Lugonu

Shops:
D:9 [   D:13 (   Orc:1 (   Orc:2 !(![

Portals:
Abyss: Lair:6
Trove: D:14 (give 14 scrolls of teleportation)

Annotations:
D:14 1 runed translucent door
Elf:1 4 runed translucent doors


Innate Abilities, Weirdness & Mutations

You have a pair of horns on your head.
You reflexively headbutt those who attack you in melee.


Message History

The naga hits you but does no damage.
The naga warrior hits you with a +0 battleaxe!
The naga hits you with a +0 glaive. The naga constricts you.
The guardian serpent coils itself and waves its upper body at you.
You feel as though you will be slow longer.
You block the naga's attack.
You hit the guardian serpent but do no damage.
You headbutt the guardian serpent.
You kill the guardian serpent!
Okawaru accepts your kill.
You feel very sick. The naga spits poison at you.
The splash of poison misses you. The naga spits poison at you.
The splash of poison hits you but does no damage.
You are more poisoned.
You resist. The naga constricts you. The naga warrior spits poison at you.
You block the splash of poison. The naga hits you with a +0 war axe.
* * * LOW HITPOINT WARNING * * *
You block the naga's attack.
You slash the naga! You headbutt the naga.
You kill the naga!
Okawaru accepts your kill.
You feel very sick. The naga warrior barely misses you.
The naga warrior grabs you. The naga warrior constricts you.
You block the naga's attack. x2
The naga warrior hits you but does no damage.
The naga warrior constricts you. The naga hits you with a +0 war axe.
* * * LOW HITPOINT WARNING * * *
You escape the naga warrior's grasp.
You feel sick. The naga hits you with a +0 trident!
* * * LOW HITPOINT WARNING * * *
You block the naga's attack.
The naga warrior hits you with a +0 battleaxe!!
* * * LOW HITPOINT WARNING * * *
The naga warrior grabs you. The naga warrior constricts you.
* * * LOW HITPOINT WARNING * * *
The naga hits you with a +0 trident!
You die...

####.###.####...
######...####.## ###.
#.....#...##...####..
###..##.........##... #
#..##.............. #.
#.###.............. #..
##.# #....#.........
##...##..##...####.....##.
#.......N@....# #....####
.........NN#...# #....# #
.###.....##.....# #...## #
###...N .....# ....# #
#.......##....>.# #
#......## .. # #....... .
. ....#...# .≈≈P##..##


You could see a naga warrior and 2 nagas.

Vanquished Creatures
  A bone dragon (D:12)
  Kirke (D:12)
  A deep elf sorcerer (Elf:1)
  2 orc warlords
  A caustic shrike skeleton (D:15)
  Nessos (D:14)
  A deep elf annihilator (Elf:1)
  2 minotaurs (D:14)
  Snorg (Lair:4)
  A merfolk impaler (D:14)
  4 vault guards (D:14)
  5 hydras
  A boulder beetle (D:14)
  2 catoblepae (D:14)
  A merfolk avatar (D:14)
  2 centaur warriors
  A death knight (D:15)
  A two-headed ogre (shapeshifter) (D:14)
  3 two-headed ogres
  15 death yaks
  A tengu warrior (D:14)
  4 thrashing horrors (Lair:6)
  Sonja (D:12)
  3 skeletal warriors (D:15)
  3 phantasmal warriors (D:15)
  A wizard (D:14)
  An iron dragon zombie (D:15)
  9 orc knights
  2 wolf spider zombies (D:12)
  A necromancer (D:15)
  A tengu zombie (D:15)
  3 orc sorcerers
  13 ugly things
  3 cyclopes
  5 elephants
  2 salamanders (shapeshifter)
  2 manticores
  5 black mambas
  2 guardian serpents
  A naga mage (Snake:1)
  2 molten gargoyles (Volcano)
  A torpor snail (Lair:4)
  3 kobold demonologists (D:10)
  3 smoke demons
  13 cane toads
  2 redback zombies (D:12)
  An efreet (D:15)
  12 komodo dragons
  3 unseen horrors
  9 yaktaurs (D:14)
  3 ancient zymes (Lair:6)
  A rime drake (Lair:6)
  2 tengu conjurers (D:12)
  A red devil (Volcano)
  4 trolls
  A wind drake (shapeshifter) (D:15)
  A hornet (D:8)
  A polar bear (Lair:5)
  3 meliai (D:15)
  13 slime creatures
  18 blink frogs
  Prince Ribbit (D:5)
  An ettin zombie (D:15)
  4 dream sheep (Lair:2)
  A jumping spider (shapeshifter) (D:15)
  A large abomination (Lair:6)
  3 wyverns
  A spriggan (Lair:6)
  2 water elementals (D:14)
  6 wraiths
  3 shadows
  33 yaks
  A yak (shapeshifter) (D:15)
  A ynoxinul (Lair:6)
  Eustachio (D:4)
  5 fire bats
  6 humans
  2 hogs (D:12)
  A steam dragon (D:9)
  7 vampire mosquitoes
  8 basilisks
  3 chaos spawn (Lair:6)
  14 wargs
  Menkaure (D:4)
  2 nagas (Snake:1)
  An acid dragon (D:10)
  A hell hound (Volcano)
  Duvessa (D:5)
  12 water moccasins
  An ice beast (D:5)
  2 hornet zombies (D:8)
  7 ogres
  54 orc warriors
  3 necrophages (D:8)
  3 sky beasts
  2 black bears
  10 wolves
  2 boggarts
  13 centaurs
  3 phantoms
  Blork the orc (D:5)
  2 kobold brigands
  13 bullfrogs
  8 gnoll sergeants
  3 scorpions
  A water moccasin zombie (D:6)
  9 small abominations (Lair:6)
  Dowan (D:5)
  8 wights
  A vampire bat (Orc:2)
  A howler monkey (D:12)
  2 electric eels
  7 lava snakes (Volcano)
  2 bullfrog zombies
  10 centaur zombies
  3 hounds
  Crazy Yiuf (D:5)
  11 centaur skeletons
  6 gnoll shamans (Bailey)
  3 jellies
  11 orc priests
  Jessica (D:3)
  Natasha (twice) (D:4)
  5 iguanas
  28 orc wizards
  2 killer bee zombies
  6 ogre zombies (D:12)
  2 howler monkey zombies
  19 gnolls
  4 adders
  A shadow imp (D:6)
  2 white imps
  3 worms
  4 dart slugs
  99 orcs
  4 endoplasms
  3 giant cockroaches (D:4)
  17 goblins
  16 hobgoblins
  3 jackals (D:3)
  3 quokkas
  6 ball pythons
  9 bats
  4 frilled lizards
  A goblin skeleton (D:12)
  3 goblin zombies (D:12)
  2 hobgoblin zombies (D:12)
  12 kobolds
  13 orc zombies (D:12)
  4 rats
812 creatures vanquished.

Vanquished Creatures (collateral kills)
  An orc (D:10)
1 creature vanquished.

Vanquished Creatures (others)
  A gnoll (D:14)
  2 orcs (D:10)
  20 fungi
  21 plants
  4 withered plants (D:15)
48 creatures vanquished.

Grand Total: 861 creatures vanquished

Notes
Turn   | Place    | Note
-------+----------+-------------------------------------------
     0 | D:1      | Peloso the Minotaur Fighter began the quest for the Orb.
     0 | D:1      | Reached XP level 1. HP: 19/19 MP: 0/0
    60 | D:1      | Reached XP level 2. HP: 25/27 MP: 1/1
   168 | D:1      | Reached skill level 4 in Fighting
   405 | D:1      | Found a faded altar of an unknown god.
   497 | D:1      | Reached XP level 3. HP: 33/33 MP: 2/2
  1848 | D:3      | Reached XP level 4. HP: 40/40 MP: 3/3
  1976 | D:3      | Noticed a kobold brigand
  1990 | D:3      | Killed a kobold brigand
  1991 | D:3      | Reached XP level 5. HP: 38/47 MP: 4/4
  2088 | D:3      | Found a sacrificial altar of Ru.
  2221 | D:3      | Noticed Jessica
  2227 | D:3      | Killed Jessica
  2235 | D:3      | Reached skill level 5 in Armour
  2365 | D:3      | Identified the +8 quarterstaff "Zasint" {venom, rF+ MP-9
                  | Str+8}
  2705 | D:4      | Noticed Natasha
  2709 | D:4      | Killed Natasha
  2710 | D:4      | Reached skill level 1 in Dodging
  2803 | D:4      | Reached XP level 6. HP: 55/55 MP: 0/5
  2929 | D:4      | Noticed Natasha
  2943 | D:4      | Killed Natasha
  2944 | D:4      | Reached skill level 5 in Long Blades
  2944 | D:4      | Reached skill level 1 in Stealth
  2953 | D:4      | Reached skill level 1 in Staves
  3182 | D:4      | Noticed Menkaure
  3182 | D:4      | Noticed Eustachio
  3187 | D:4      | Killed Menkaure
  3188 | D:4      | Reached skill level 5 in Fighting
  3198 | D:4      | Killed Eustachio
  3199 | D:4      | Reached XP level 7. HP: 22/61 MP: 0/6
  3753 | D:5      | Entered Level 5 of the Dungeon
  3785 | D:5      | Reached skill level 5 in Staves
  3856 | D:5      | Noticed Duvessa
  3867 | D:5      | Killed Duvessa
  3871 | D:5      | Reached XP level 8. HP: 58/70 MP: 0/7
  3871 | D:5      | Noticed Dowan
  3874 | D:5      | Killed Dowan
  4150 | D:5      | Reached skill level 6 in Fighting
  4211 | D:5      | Noticed Prince Ribbit
  4217 | D:5      | Killed Prince Ribbit
  4499 | D:5      | Found a runed translucent door.
  4500 | D:5      | Noticed Crazy Yiuf
  4540 | D:5      | Noticed Blork the orc
  4546 | D:5      | Killed Blork the orc
  5116 | D:5      | Killed Crazy Yiuf
  5236 | D:6      | Found a burning altar of Makhleb.
  5281 | D:6      | Reached XP level 9. HP: 78/78 MP: 0/8
  5299 | D:6      | Found a staircase to the Ecumenical Temple.
  5369 | Temple   | Entered the Ecumenical Temple
  5666 | D:6      | Reached skill level 7 in Fighting
  5780 | D:6      | Found a bloodstained altar of Trog.
  6393 | D:6      | Reached skill level 10 in Staves
  6575 | D:7      | Reached skill level 8 in Fighting
  6854 | D:7      | Found a shimmering blue altar of Sif Muna.
  7730 | D:7      | Reached XP level 10. HP: 88/88 MP: 0/9
  7887 | D:8      | Paralysed by a hornet for 2 turns
  8185 | D:8      | Reached skill level 10 in Armour
  8431 | D:8      | Reached skill level 9 in Fighting
  9023 | D:9      | Found Tiwec's Armour Emporium.
  9823 | D:10     | Entered Level 10 of the Dungeon
  9861 | D:10     | Reached skill level 1 in Evocations
 10106 | D:10     | Found a flagged portal.
 10107 | D:10     | Noticed a rust devil
 10122 | Bailey   | Entered a bailey
 10380 | Bailey   | Reached XP level 11. HP: 99/99 MP: 1/10
 10545 | Bailey   | Identified the ring "Cyegyopp" {Ice Int+5}
 11260 | D:10     | Reached skill level 10 in Fighting
 11622 | D:10     | Found a staircase to the Lair.
 11750 | D:10     | Found an iron altar of Okawaru.
 11761 | D:10     | Found a basalt altar of Yredelemnul.
 11761 | D:10     | Found a broken altar of Ashenzari.
 11761 | D:10     | Found a snail-covered altar of Cheibriados.
 11772 | D:10     | Became a worshipper of Warmaster Okawaru
 12366 | D:11     | Noticed a two-headed ogre
 12375 | D:11     | Killed a two-headed ogre
 12375 | D:11     | Reached * piety under Okawaru
 12461 | D:11     | Reached skill level 11 in Fighting
 12542 | D:11     | Reached ** piety under Okawaru
 13034 | Lair:1   | Entered Level 1 of the Lair of Beasts
 13201 | Lair:1   | Reached *** piety under Okawaru
 13233 | Lair:1   | Reached XP level 12. HP: 110/110 MP: 2/11
 13238 | Lair:1   | Reached skill level 15 in Staves
 14029 | Lair:2   | Found a dark tunnel.
 14033 | Lair:2   | Reached skill level 12 in Fighting
 14040 | Volcano  | Entered a volcano
 14368 | Volcano  | Reached **** piety under Okawaru
 14543 | Volcano  | Found a radiant altar of Vehumet.
 15215 | Lair:2   | Found a glowing golden altar of the Shining One.
 15625 | Lair:2   | Reached skill level 13 in Fighting
 15912 | Lair:3   | Found a staircase to the Snake Pit.
 15935 | Lair:3   | Reached skill level 1 in Invocations
 16333 | Lair:3   | Reached skill level 5 in Dodging
 17516 | D:12     | Found a staircase to the Orcish Mines.
 17805 | D:12     | Reached XP level 13. HP: 116/122 MP: 12/12
 17894 | D:12     | Noticed Sonja
 17897 | D:12     | Killed Sonja
 18970 | D:12     | Reached ***** piety under Okawaru
 19332 | D:12     | Reached skill level 14 in Fighting
 19340 | D:12     | Found the +9 sword of Zonguldrok {reap}
 19340 | D:12     | Noticed a bone dragon
 19748 | D:12     | Noticed Kirke
 19762 | D:12     | Killed Kirke
 19908 | D:12     | Identified the +0 hat "Nyav" {Rampage rPois} (Okawaru
                  | gifted it to you on level 12 of the Dungeon)
 19908 | D:12     | Received a gift from Okawaru
 19925 | D:12     | Killed a bone dragon
 20368 | Orc:1    | Entered Level 1 of the Orcish Mines
 20680 | Orc:1    | Paralysed by an orc sorcerer for 5 turns
 20826 | Orc:1    | Found Kieducvi's Antique Weapon Boutique.
 20879 | Orc:1    | Bought a translucent falchion for 216 gold pieces
 20879 | Orc:1    | Identified the +8 falchion of the Lame Duck {vorpal, rF-
                  | Dex+4 SInv} (You bought it in a shop on level 1 of the
                  | Orcish Mines)
 21270 | Orc:2    | Entered Level 2 of the Orcish Mines
 22865 | Orc:2    | Found a staircase to the Elven Halls.
 23256 | Orc:1    | Reached skill level 15 in Armour
 23256 | Orc:1    | Reached XP level 14. HP: 101/133 MP: 13/13
 23260 | Orc:1    | Reached skill level 10 in Long Blades
 23808 | Orc:2    | Noticed an orc warlord
 23813 | Orc:2    | Reached skill level 15 in Fighting
 24103 | Orc:1    | Killed an orc warlord
 24711 | Orc:2    | Paralysed by an orc sorcerer for 5 turns
 25191 | Orc:2    | Reached ****** piety under Okawaru
 25197 | Orc:2    | Noticed an orc warlord
 25213 | Orc:2    | Killed an orc warlord
 25486 | Orc:2    | Found Uluss's Distillery.
 25486 | Orc:2    | Found Yhiat's Antique Armour Emporium.
 25492 | Orc:2    | Bought a potion of might for 48 gold pieces
 25492 | Orc:2    | Bought a potion of brilliance for 48 gold pieces
 25492 | Orc:2    | Bought a potion of invisibility for 96 gold pieces
 25501 | Orc:2    | Bought a steaming plate armour for 952 gold pieces
 25501 | Orc:2    | Identified the +6 plate armour of the Blessed Realm
                  | {Rampage rF+ Slay-2} (You bought it in a shop on level 2 of
                  | the Orcish Mines)
 25612 | Orc:2    | Found Esoasam's Distillery.
 25612 | Orc:2    | Found Giturej's Weapon Emporium.
 26177 | Lair:4   | Found a staircase to the Shoals.
 26186 | Lair:4   | Received a gift from Okawaru
 26922 | Lair:4   | Got the Incunabulum of Damaging Cold
 27017 | Lair:4   | Noticed Snorg
 27027 | Lair:4   | Killed Snorg
 27838 | Lair:5   | Found a staircase to the Slime Pits.
 27980 | Lair:5   | Reached skill level 5 in Shields
 28336 | Lair:4   | Reached skill level 1 in Polearms
 29101 | Lair:5   | Reached skill level 16 in Fighting
 29632 | Lair:6   | Entered Level 6 of the Lair of Beasts
 29683 | Lair:6   | Identified the +8 war axe of Bifakur {freeze, MP+9}
 29707 | Lair:6   | Received a gift from Okawaru
 30635 | Lair:6   | Reached XP level 15. HP: 144/144 MP: 14/14
 30998 | Lair:6   | Got the Disquisition on Bewitchment and the Snowflakes
 31624 | Lair:6   | Found a corrupted altar of Lugonu.
 31624 | Lair:6   | Found a one-way gate to the infinite horrors of the Abyss.
 32646 | D:13     | Found Eggarur's Weapon Boutique.
 33150 | D:14     | Found a portal to a secret trove of treasure.
 33218 | D:14     | Found a sacrificial altar of Ru.
 33447 | D:14     | Found a runed translucent door.
 33772 | D:14     | Received a gift from Okawaru
 34085 | D:14     | Found a runed translucent door.
 34100 | D:14     | Found a runed translucent door.
 34309 | D:14     | Found a gate to the Vaults.
 34359 | D:14     | Noticed Nessos
 34382 | D:14     | Killed Nessos
 34419 | D:14     | Reached skill level 15 in Long Blades
 34815 | D:14     | Received a gift from Okawaru
 36548 | D:15     | Entered Level 15 of the Dungeon
 37086 | D:15     | Reached skill level 17 in Fighting
 37494 | D:15     | Reached XP level 16. HP: 155/155 MP: 15/15
 37570 | D:15     | Found a staircase to the Depths.
 37580 | D:15     | Received a gift from Okawaru
 38832 | Elf:1    | Entered Level 1 of the Elven Halls
 38832 | Elf:1    | Found a runed translucent gate.
 38832 | Elf:1    | Found a runed translucent gate.
 38832 | Elf:1    | Found a runed translucent gate.
 38832 | Elf:1    | Found a runed translucent gate.
 38832 | Elf:1    | Found a runed translucent gate.
 38832 | Elf:1    | Found a runed translucent gate.
 38836 | Elf:1    | Found a runed translucent door.
 38842 | Elf:1    | Reached skill level 10 in Shields
 39073 | Snake:1  | Entered Level 1 of the Snake Pit
 39178 | Snake:1  | HP: 6/154 [naga warrior/+0 battleaxe (23)]
 39178 | Snake:1  | HP: 1/154 [constriction (5)]
 39178 | Snake:1  | Mangled by a naga

Illustrated notes

Levels and vault maps discovered:
D:1:      minmay_arrival_loop, layout_basic, serial_forest,
          infiniplex_forest_straight_1, infiniplex_forest_side_room,
          infiniplex_forest_clump_long, infiniplex_forest_clump_double,
          hellmonk_ecumenical_altar_arch_garden, minmay_pentomino_v4
D:2:      layout_basic, minivault_11
D:3:      cheibrodos_greedy_goblins, layout_loops_cross, lemuel_round_altar,
          uniq_jessica
D:4:      layout_basic, uniq_natasha, uniq_eustachio, uniq_menkaure
D:5:      layout_basic, minivault_1, uniq_duvessa, uniq_blork_the_orc,
          uniq_crazy_yiuf_cottage, uniq_prince_ribbit1
D:6:      layout_basic, mainiacjoe_overflow_small_starburst,
          mainiacjoe_overflow_tiny_flanked, minmay_temple_entry_stoned_glass,
          dk_noncrumbling_4
D:7:      layout_cave_pools, led_sif_book, minmay_fractal_squares_gapless_5
D:8:      layout_gridville, serial_undead, serial_undead_d, serial_undead_a,
          serial_undead_c, serial_undead_e, minmay_ruffians
D:9:      layout_cave_pods, serial_shops, shop, minmay_splitting_lines,
          nicolae_elevator_lobby_plus
D:10:     layout_roguey, grunt_temple_overflow_open, david_lair_generic,
          enter_bailey_4
D:11:     layout_basic
D:12:     layout_grid_maze, zombieorc1_lemuel, minmay_guarded_unrand_zonguldrok,
          uniq_sonja, uniq_kirke
D:13:     layout_loops_ring, serial_shops, shop_fountains
D:14:     fort_yaktaur, layout_loops_ring, lightli_vaults_fourway_checkpoint,
          trove_entry_hex_spiral, nicolae_ru_awakened_eye, mikee_hates_you,
          uniq_nessos
D:15:     gammafunk_depths_entry_grave, layout_irregular_city,
          roderic_serpentine_path, minivault_20
Temple:   eino_narrow_crystal_temple
Lair:1:   layout_hall_layers, grunt_megastairs_5
Lair:2:   layout_regular_city, basic_altar, nicolae_volcano_entry_batcave
Lair:3:   layout_cave_pods, minmay_snake_entry_spellcaster,
          small_statue_intersection
Lair:4:   layout_long_grid, minmay_shoals_entry_centaurs, beast_lair_carwin_2,
          grunt_megastairs_3, uniq_snorg
Lair:5:   layout_concentric_octagons, dpeg_slime_entry_corner
Lair:6:   hellmonk_lair_end_abyssal_woods, layout_gridlike, serial_bayou_ford_a
Snake:1:  layout_layer_cave, serial_bayou_pond_d,
          nicolae_snake_salamander_jacuzzi, minmay_shoptagon,
          serial_bayou_shore_b, serial_bayou_shore_a, lemuel_fruit_tree,
          uniq_nikola
Orc:1:    layout_diamond_mine, serial_shops, shop_fountains
Orc:2:    st_orc_town, layout_caves, roderic_batcave, mines2_lemuel
Elf:1:    nicolae_elf_arrival_dilemma, layout_geoelf_octagon, serial_shops,
          shop_statue, minmay_elf_sorcery,
          nicolae_elf_double_double_double_trouble, grunt_megastairs_2,
          uniq_azrael

Skill      XL: |  1  2  3  4  5  6  7  8  9 10 11 12 13 14 15 16 |
---------------+-------------------------------------------------+-----
Fighting       | 4 5 6 8 9 11 13 14 16 17 | 17.2
Armour         | 4 5 6 7 9 10 12 14 15 16 | 16.7
Long Blades    | 3 4 5 9 13 15 16 | 16.2
Shields        | 4 6 9 10 | 10.1
Dodging        | 1 2 3 4 5 6 |  6.5
Stealth        | 1 2 3 |  3.6
Staves         | 4 6 9 11 13 14 15 16 | 16.2
Evocations     | 1 |  1.3
Invocations    | 1 |  1.4
Polearms       | 2 |  2.0

Action                   |  1- 3 |  4- 6 |  7- 9 | 10-12 | 13-15 | 16-18 || total
-------------------------+-------+-------+-------+-------+-------+-------++-------
Melee: Long sword        |    86 |    40 |       |    66 |    99 |       ||   291
       Headbutt          |    14 |    15 |    34 |   132 |   351 |    31 ||   577
       Quarterstaff      |       |    56 |   175 |   582 |   111 |       ||   924
       Trident           |       |       |     7 |       |    36 |       ||    43
       Punch             |       |       |       |     2 |     8 |       ||    10
       Double sword      |       |       |       |       |  1050 |   103 ||  1153
       Falchion          |       |       |       |       |    58 |       ||    58
Invok: Heroism           |       |       |       |     4 |    13 |     3 ||    20
Evoke: Wand              |       |       |     4 |     4 |     3 |       ||    11
  Use: Scroll            |       |       |       |    22 |     6 |       ||    28
       Potion            |       |       |       |     2 |     3 |     1 ||     6
 Stab: Petrified         |       |       |       |       |     1 |       ||     1
Armor: Scale mail        |    27 |    34 |    20 |       |       |       ||    81
       Chain mail        |       |       |    81 |   447 |   448 |     3 ||   979
       Plate armour      |       |       |       |     5 |   693 |    67 ||   765
Dodge: Dodged            |    29 |    42 |    95 |   327 |   692 |    22 ||  1207
Block: Buckler           |    16 |     5 |       |       |       |       ||    21
       Kite shield       |       |       |       |       |   383 |       ||   383
       Tower shield      |       |       |       |       |   267 |   126 ||   393
